 Dungeon Crawl Stone Soup version 0.30.1-3-gfc49f6343a (webtiles) character file.

Game seed: 8937478630905547268

607 croobank the Covert (level 7, -7/49 HPs)
             Began as an Octopode Delver on July 22, 2023.
             Mangled by a wyvern (18 damage)
             ... on level 5 of the Dungeon.
             The game lasted 00:13:46 (3563 turns).

croobank the Covert (Octopode Delver)               Turns: 3563, Time: 00:13:46

Health: -7/49      AC:  1    Str: 11    XL:     7   Next: 43%
Magic:  7/7        EV: 14    Int: 15    God:
Gold:   295        SH:  0    Dex: 13    Spells: 6/6 levels left

rFire   . . .        p - +2 dagger (speed)
rCold   . . .        (no shield)
rNeg    . . .        (helmet restricted)
rPois   .            (no amulet)
rElec   .            e - +4 ring of slaying
rCorr   .            (no ring)
SInv    .            (no ring)
Will    .....        (no ring)
Stlth   +++++        (no ring)
HPRegen 0.28/turn    (no ring)
MPRegen 0.10/turn    (no ring)
                     (no ring)

%: no passive effects
@: about to teleport
A: almost no armour, amphibious, 8 rings, camouflage 1, gelatinous body 1,
(nimble swimmer 1), tentacles
a: no special abilities


You were on level 5 of the Dungeon.
You visited 2 branches of the dungeon, and saw 7 of its levels.

You collected 295 gold pieces.

Inventory:

Hand Weapons
 a - a +1 short sword
 b - a +0 sling
 n - a +0 trident
 p - a +2 dagger of speed (weapon)
 r - a +0 war axe
 u - a +0 falchion
 y - a +0 hand axe of venom
Missiles
 g - 11 poisoned darts (quivered)
 v - 2 javelins
Jewellery
 e - a +4 ring of slaying (left tentacle)
Wands
 f - a wand of digging (3)
 q - a wand of paralysis (10)
Scrolls
 d - a scroll of enchant armour
 h - 2 scrolls of teleportation
 k - a scroll of noise {unknown}
 m - a scroll of fog
 o - 2 scrolls of immolation {unknown}
 s - a scroll of torment {unknown}
 t - a scroll of silence {unknown}
Potions
 j - a potion of resistance {unknown}
 l - 5 potions of curing
 x - a potion of lignification
 z - a potion of haste
 A - a potion of flight


   Skills:
 + Level 4.8 Fighting
 + Level 4.3 Short Blades
 + Level 4.2 Dodging
 + Level 8.6 Stealth


You had 6 spell levels left.
You didn't know any spells.
Your spell library was empty.

Dungeon Overview and Level Annotations

Branches:
Dungeon (6/15)             Temple (1/1) D:4

Altars:
Ashenzari
Dithmenos
Elyvilon
Kikubaaqudgha
Okawaru
Sif Muna
Trog
Uskayaw
Vehumet
Wu Jian
Xom
The Shining One


Innate Abilities, Weirdness & Mutations

You cannot wear most types of armour.
You are amphibious.
You can wear up to eight rings at the same time.
Your skin changes colour to match your surroundings (Stealth+).
Your rubbery body absorbs attacks. (AC +1, EV +1)
((You are camouflaged when in or above water. (Stealth+)))
You have tentacles for arms and can constrict up to eight enemies at once.


Message History

The centaur closely misses you.
The centaur kicks you but does no damage.
An orc priest comes into view. It is wielding a +0 mace.
The orc wizard misses you.
The orc priest shouts!
You hit the centaur.
The centaur is almost dead.
You hear a shout!
The centaur hits you. The centaur barely misses you.
As you read the scroll labelled SUTZEOS KUECWO, it crumbles to dust.
It is a scroll of enchant armour.
You aren't carrying any armour which can be enchanted further.
The centaur hits you. The centaur kicks you.
A phantom comes into view.
The orc wizard barely misses you.
You hit the centaur.
You kill the centaur!
The orc wizard gestures at you while chanting.
You resist with some effort.
Okay, then.
As you read the scroll labelled UMEONA QAUT, it crumbles to dust.
You feel strangely unstable.
It was a scroll of teleportation.
The wyvern bites you! The orc wizard misses you.
The orc hits you with a +0 whip.
The orc wizard attacks as you move away!
The orc wizard hits you with a +0 dagger.
Found 14 gold pieces.
The orc closely misses you. The wyvern bites you!
* * * LOW HITPOINT WARNING * * *
The wyvern attacks as you move away! The wyvern barely misses you.
Found a smoky inky potion.
The orc wizard casts a spell at you. You resist with some effort.
The orc priest looks braver for a moment.
The wyvern attacks as you move away! The wyvern barely misses you.
The orc priest looks braver for a moment.
The orc wizard gestures at you while chanting.
You resist with some effort.
A bullfrog comes into view.
The wyvern bites you!!
You die...

*,,,,,..!...,,,,,,...,****,,,,,
***,,..,......,,,,.....F*,,,,,,,,
*,,,.o........##,,...$..,,,,,,,,,
*,,,....?,......,,......,,,,,,_,,
*,,......#*....###.....,,,,,,,,,,
**.....>..#.#........##**,,,,,,,,
*,....<....###).o.....# ****,,,,,
**#>......o..o.lW....###** *,,,,,
*....<.#o.o.o.@?......,***,,,,,
**#....#..#...........,*,,,,,**
**#.....###.#..#.#..***,,,,**
##....#*##...#*#***,,,,,,*,
##...##.......,,,,,,,,,,,,
##............,,,,,,,*,,.
#....#..............,****
###...##.............####..
#.....#................#...


You could see a wyvern, a phantom, a bullfrog (wandering), an orc priest, 2 orc
wizards and 3 orcs.

Vanquished Creatures
  A centaur (D:5)
  A phantom (D:4)
  2 scorpions
  A howler monkey (D:5)
  2 jellies (D:5)
  An orc priest (D:3)
  3 orc wizards
  5 adders
  3 dart slugs
  7 orcs
  5 ball pythons
  8 endoplasms
  4 giant cockroaches
  7 goblins
  7 hobgoblins
  5 jackals
  A quokka (D:2)
  4 bats
  6 frilled lizards
  5 kobolds
  5 rats
83 creatures vanquished.

Vanquished Creatures (others)
  An orc (D:3)
  2 giant cockroaches (D:3)
  A goblin (D:3)
  A hobgoblin (D:3)
  A rat (D:3)
6 creatures vanquished.

Grand Total: 89 creatures vanquished

Notes
Turn   | Place    | Note
-------+----------+-------------------------------------------
     0 | D:5      | croobank the Octopode Delver began the quest for the Orb.
     0 | D:5      | Reached XP level 1. HP: 16/16 MP: 1/1
     3 | D:6      | Noticed a scorpion
     3 | D:6      | Noticed a kobold brigand
    18 | D:5      | Noticed a sleepcap
    59 | D:4      | Noticed a scorpion
   120 | D:3      | Noticed an orc priest
   123 | D:4      | Killed a scorpion
   124 | D:4      | Reached skill level 7 in Stealth
   124 | D:4      | Reached XP level 2. HP: 10/21 MP: 2/2
   124 | D:4      | Reached XP level 3. HP: 13/26 MP: 3/3
   124 | D:4      | Reached XP level 4. HP: 15/31 MP: 4/4
   330 | D:4      | Found a staircase to the Ecumenical Temple.
   330 | D:4      | Found a hide-covered altar of Uskayaw.
   386 | Temple   | Entered the Ecumenical Temple
   401 | D:4      | Found an iron altar of Okawaru.
   419 | D:5      | Noticed a scorpion
   488 | D:3      | Found a shimmering altar of Xom.
   701 | D:3      | Reached XP level 5. HP: 17/37 MP: 5/5
  2190 | D:2      | Found a faded altar of an unknown god.
  3011 | D:4      | Noticed a phantom
  3015 | D:4      | Killed a phantom
  3016 | D:4      | Reached XP level 6. HP: 43/43 MP: 6/6
  3028 | D:4      | Reached skill level 8 in Stealth
  3226 | D:4      | Found a shimmering blue altar of Sif Muna.
  3410 | D:5      | Reached XP level 7. HP: 43/49 MP: 7/7
  3549 | D:5      | Noticed a wyvern
  3563 | D:5      | Mangled by a wyvern

Illustrated notes

Levels and vault maps discovered:
D:1:      heliophobic_arrival_glass_houses, layout_loops_corners
D:2:      layout_rooms, ebering_ecumenical_altar_hall, hangedman_decor_points
D:3:      layout_loops_ring, xom_confusion_cloud
D:4:      layout_basic, old_standard_altar, lemuel_crystal_altar,
          kennysheep_orc_sif_temple, minmay_temple_entry_overgrown
D:5:      layout_cave_pools, slow_altar_1, lightli_ossuary_entry_decrepit_ruins
D:6:      layout_layer_cave, nicolae_yredelemnul_ghost_church
Temple:   hellmonk_temple_micro_hex

Skill      XL: |  1  2  3  4  5  6 |
---------------+-------------------+-----
Stealth        | 7 8 |  8.6
Short Blades   | 3 4 |  4.3
Dodging        | 3 4 |  4.2
Fighting       | 4 |  4.8

Action                     |  1- 3 |  4- 6 |  7- 9 || total
---------------------------+-------+-------+-------++-------
  Melee: Short sword       |     8 |    48 |       ||    56
         Constrict         |     2 |    26 |     1 ||    29
         Tentacles         |     2 |    29 |     1 ||    32
         Punch             |       |     3 |       ||     3
         Dagger            |       |    97 |    10 ||   107
   Fire: Sling             |       |     4 |       ||     4
  Throw: Dart              |       |    10 |     1 ||    11
    Use: Scroll            |     2 |     5 |     3 ||    10
         Potion            |     1 |     2 |     1 ||     4
   Stab: Sleeping          |     1 |    38 |     3 ||    42
 Armour: Skin              |       |     4 |     1 ||     5
  Dodge: Dodged            |     4 |    41 |    18 ||    63
